 Dungeon Crawl Stone Soup version 0.29.0-4-gdea44cf6ec (webtiles) character file.

Game seed: 13882852486812366609

7 qw the Chopper (level 2, -5/17 HPs)
             Began as a Tengu Warper on Aug 28, 2022.
             Slain by a gnoll
             ... wielding a +0 club
              (6 damage)
             ... on level 1 of the Dungeon.
             The game lasted 00:00:01 (440 turns).

qw the Chopper (Tengu Warper)                        Turns: 440, Time: 00:00:02

Health: -5/17      AC:  3    Str: 11    XL:     2   Next: 0%
Magic:  6/6        EV: 11    Int: 13    God:
Gold:   64         SH:  0    Dex: 13    Spells: 5/5 levels left

rFire   . . .      SeeInvis .   a - +0 hand axe
rCold   . . .      Faith    .   (no shield)
rNeg    . . .      Spirit   .   b - +0 leather armour
rPois   .          Reflect  .   (helmet restricted)
rElec   .          Harm     .   (no cloak)
rCorr   .          Rampage  .   (no gloves)
Will    .....                   (boots unavailable)
Stlth   +.........              (no amulet)
HPRegen 0.05/turn               (no ring)
MPRegen 0.10/turn               (no ring)

@: no status effects
A: beak, talons 3
a: no special abilities


You were on level 1 of the Dungeon.
You visited 1 branch of the dungeon, and saw 1 of its levels.

You collected 64 gold pieces.


Innate Abilities, Weirdness & Mutations

You have a beak for a mouth.
You have claws for feet.


   Skills:
 - Level 2.0 Fighting
 + Level 2.9 Axes
 - Level 1.0 Throwing
 - Level 1.1 Armour
 - Level 2.1 Dodging
 - Level 2.0 Spellcasting
 - Level 2.4 Translocations


You had 5 spell levels left.
You didn't know any spells.
Your spell library contained the following spells:

 Spells                   Type           Power      Damage    Failure   Level
 Blink                    Tloc           14%        N/A       19%         2
 Gell's Gravitas          Tloc           7%         N/A       36%         3
 Lesser Beckoning         Tloc           7%         N/A       36%         3
 Teleport Other           Tloc           7%         N/A       36%         3
 Manifold Assault         Tloc           7%         N/A       98%         5

Inventory:

Hand Weapons
 a - a +0 hand axe (weapon)
Missiles
 d - a boomerang of dispersal (quivered)
Armour
 b - a +0 leather armour (worn)
 g - a +0 plate armour
Scrolls
 c - a scroll of blinking
 i - a scroll of fear {unknown}
Potions
 e - a potion of might {unknown}
 f - a potion of lignification {unknown}
 h - a potion of attraction {unknown}

Dungeon Overview and Level Annotations

Branches:
Dungeon (1/15)

Altars:


Message History

The boomerang of dispersal hits the ball python!
The ball python blinks!
You feel a bit more experienced.
A bat comes into view.
Found a ball python corpse.
Throw: 4 boomerangs (disperse)
Press: ? - help, Q - select action Shift-Dir - straight line, f - bat You throw a boomerang of dispersal.
The boomerang of dispersal hits the bat.
The bat blinks!
You kill the bat!
A bat comes into view.
Throw: 3 boomerangs (disperse)
Press: ? - help, Q - select action Shift-Dir - straight line, f - bat You throw a boomerang of dispersal.
The boomerang of dispersal completely misses the bat.
The bat barely misses you.
You hit the bat.
You kill the bat!
You have reached level 2!
A gnoll comes into view. It is wielding a +0 club.
Throw: 2 boomerangs (disperse)
Press: ? - help, Q - select action Shift-Dir - straight line, f - gnoll You throw a boomerang of dispersal.
The boomerang of dispersal hits the gnoll.
The gnoll blinks!
The gnoll is lightly wounded.
You closely miss the gnoll. You peck the gnoll, but do no damage.
The gnoll is lightly wounded.
The gnoll barely misses you.
You barely miss the gnoll. You claw the gnoll.
You peck the gnoll, but do no damage.
The gnoll is heavily wounded.
The gnoll hits you with a +0 club.
You hit the gnoll.
The gnoll is severely wounded.
The gnoll hits you with a +0 club.
You hit the gnoll. Your kick misses the gnoll.
The gnoll is almost dead.
The gnoll hits you with a +0 club. x2
You die...

#.._^......##?##. #.
#.^^..........###
.##..###.....#### #
...#.##..##.##
#.#####.#.##.###.#
#.......#.....##..
#..............#...
......%............
......g@............
....................
................####
................#
..?.............#
#.............%##
##.....##.....##
###### #######


You could see a gnoll.

Vanquished Creatures
  A dart slug (D:1)
  A quokka (D:1)
  A ball python (D:1)
  2 bats (D:1)
  A rat (D:1)
6 creatures vanquished.

Notes
Turn   | Place    | Note
-------+----------+-------------------------------------------
     0 | D:1      | qw the Tengu Warper began the quest for the Orb.
     0 | D:1      | Reached XP level 1. HP: 12/12 MP: 4/4
     0 | D:1      | 0 ||| qw: Version: 0.1-a-89-g26bdef1
     0 | D:1      | 0 ||| qw: Game counter: 1338
     0 | D:1      | 0 ||| qw: Always use a shield: true
     0 | D:1      | 0 ||| qw: God list: Okawaru
     0 | D:1      | 0 ||| qw: Allow faded altars: false
     0 | D:1      | 0 ||| qw: Do Orc after D:15 true
     0 | D:1      | 0 ||| qw: Do second Lair branch before Depths: true
     0 | D:1      | 0 ||| qw: Lair rune preference: random
     0 | D:1      | 0 ||| qw: Plans: Normal
     0 | D:1      | 0 ||| PLANNING D:1-11
   414 | D:1      | Found a faded altar of an unknown god.
   417 | D:1      | 417 ||| Stepping ~*~*~tactically~*~*~ (stealth).
   418 | D:1      | 418 ||| Stepping ~*~*~tactically~*~*~ (stealth).
   433 | D:1      | Reached XP level 2. HP: 17/17 MP: 6/6
   440 | D:1      | HP: 1/17 [gnoll/+0 club (6)]
   440 | D:1      | Slain by a gnoll

Levels and vault maps discovered:
D:1:      erik_arrival_triangle_large, layout_rooms,
          ebering_ecumenical_altar_webs

Action                   || total
-------------------------++-------
Melee: Hand axe          ||    19
       Kick              ||     4
       Peck              ||     4
Throw: Boomerang         ||     6
Armor: Leather armour    ||     3
Dodge: Dodged            ||    14

Table legend:
 A = Non-vault XP
 B = Vault XP
 C = Vault XP percentage of total XP
 D = Non-vault monster count
 E = Vault monster count
 F = Vault count percentage of total count
                 A         B        C        D         E       F
            +---------+---------+-------+---------+---------+-------
      Total |      10 |       0 |   0.0 |       6 |       0 |   0.0
            +---------+---------+-------+---------+---------+-------
        D:1 |      10 |       0 |   0.0 |       6 |       0 |   0.0
            +---------+---------+-------+---------+---------+-------
